 Dungeon Crawl Stone Soup version 0.21.1-1-g345015f (webtiles) character file.

48 JrNeurotic the Vexing (level 3, -1/25 HPs)
             Began as a Vampire Enchanter on July 11, 2018.
             Slain by an adder (2 damage)
             ... on level 2 of the Dungeon.
             The game lasted 00:12:53 (1174 turns).

JrNeurotic the Vexing (Vampire Enchanter)           Turns: 1174, Time: 00:12:54

Health: -1/25      AC:  2    Str:  7    XL:     3   Next: 50%
Magic:  2/6        EV: 13    Int: 18    God:
Gold:   60         SH:  0    Dex: 14    Spells: 2/6 levels left

rFire    + . .     SeeInvis +   a - +1 dagger
rCold    + . .     Gourm    .   (no shield)
rNeg     + . .     Faith    .   l - +0 robe
rPois    +         Spirit   .   (no helmet)
rElec    +         Reflect  .   (no cloak)
rCorr    +         Harm     .   (no gloves)
MR       .....                  (no boots)
Stlth    +++.......             (no amulet)
HPRegen  0.08/turn              e - ring of flight
MPRegen  0.10/turn              (no ring)

@: lethally poisoned (-1 -> -14), resistant
A: fangs 3, see invisible, unbreathing
a: Bat Form, Evoke Flight


You were on level 2 of the Dungeon.
You were not thirsty.

You visited 1 branch of the dungeon, and saw 2 of its levels.

You collected 60 gold pieces.

Inventory:

Hand Weapons
 a - a +1 dagger (weapon)
Missiles
 g - 7 javelins (quivered)
Armour
 l - a +0 robe (worn)
Jewellery
 e - a ring of flight (left hand)
Scrolls
 b - a scroll of random uselessness {unknown}
 i - 4 scrolls of teleportation {unknown}
Potions
 d - 14 potions of blood
 f - 2 potions of heal wounds {unknown}
 j - a potion of magic {unknown}
 k - a potion of curing {unknown}
 m - a potion of brilliance {unknown}
Books
 c - a book of Maledictions

   Spells                             Type                      Level
   a - Corona                         Hexes                        1
   b - Ensorcelled Hibernation        Hexes/Ice                    2
   c - Confuse                        Hexes                        3
   d - Tukima's Dance                 Hexes                        3
   e - Dazzling Spray                 Conjuration/Hexes            3


   Skills:
 * Level 0.7 Fighting
 - Level 2.0 Short Blades
 - Level 2.4 Dodging
 - Level 4.8 Stealth
 - Level 2.3 Spellcasting
 - Level 5.1 Hexes


You had 2 spell levels left.
You knew the following spells:

 Your Spells              Type           Power        Failure   Level  Hunger
a - Corona                Hex            ###....      2%          1    #......
b - Tukima's Dance        Hex            ###.....     6%          3    ###....


Dungeon Overview and Level Annotations

Branches:
Dungeon (2/15)

Altars:


Innate Abilities, Weirdness & Mutations

You have razor-sharp teeth.
You have supernaturally acute eyesight. (SInv)
You can survive without breathing.


Message History

You are poisoned.
The adder poisons you!
You barely miss the adder.
The adder is lightly wounded.
You feel sick. The quokka bites you. The adder bites you.
You are lethally poisoned!
The adder poisons you!
You hit the adder.
The adder is heavily wounded.
You feel sick. The adder barely misses you. The quokka bites you.
* * * LOW HITPOINT WARNING * * *
The adder bites you.
* * * LOW HITPOINT WARNING * * *
You are more poisoned.
The adder poisons you! The quokka closely misses you.
It was a potion of resistance.
You feel protected.
* * * LOW HITPOINT WARNING * * *
You feel sick. The adder bites you.
You die...

# #.. ###.. ...... . .
##.####... ..##### ..##.
..#. ...# .....##.. #..#
.......r...####.##########§
....... #..÷...........##§§
....... ##.##.........##§§§
S......###Sr..#.......#§≈≈≈
..w....#..@.###.......#≈≈≈≈
.......#....# #######.#≈≈§≈
...).b.#.#### #.'.... #...#
#.'.... #..## ###§≈≈≈ ####
#≈§§≈ #≈≈≈§ ##§≈§ ##§§


You could see an adder and a quokka.

Vanquished Creatures
  An ooze (D:1)
  A dart slug (D:1)
  A leopard gecko (D:2)
  5 bats
  4 giant cockroaches
  7 goblins
  4 hobgoblins (D:1)
  4 jackals (D:1)
  4 kobolds (D:1)
  4 rats
35 creatures vanquished.

Vanquished Creatures (collateral kills)
  A goblin (D:2)
1 creature vanquished.

Vanquished Creatures (others)
  A dancing weapon (D:2)
1 creature vanquished.

Grand Total: 37 creatures vanquished

Notes
Turn   | Place    | Note
-------+----------+-------------------------------------------
     0 | D:1      | JrNeurotic the Vampire Enchanter began the quest for the Orb.
     0 | D:1      | Reached XP level 1. HP: 13/13 MP: 3/3
   248 | D:1      | Reached XP level 2. HP: 8/19 MP: 1/5
   530 | D:1      | Reached XP level 3. HP: 24/24 MP: 3/6
   546 | D:1      | Reached skill level 5 in Hexes
  1069 | D:2      | Learned a level 3 spell: Tukima's Dance
  1174 | D:2      | HP: 1/25 [poisoned by an adder]
  1174 | D:2      | Slain by an adder

Skill      XL: |  1  2  3 |
---------------+----------+-----
Short Blades   | 2 |  2.0
Hexes          | 5 |  5.1
Fighting       | |  0.7
Dodging        | |  2.4
Stealth        | |  4.8
Spellcasting   | |  2.3

Action                   || total
-------------------------++-------
Melee: Dagger            ||   145
       Bite              ||    13
 Cast: Corona            ||    35
       Tukima's Dance    ||     3
  Use: Scroll            ||     1
       Potion            ||     1
 Stab: Sleeping          ||     4
  Eat: Corpse            ||     4
Armor: Robe              ||    31
Dodge: Dodged            ||   100
